Map: Blackburn LE

Players

Trap

  • Race: Protoss Protoss

Serral - Winner!

  • Race: Zerg Zerg

Event: TSL 8

VOD

Have the link to the VOD?

Description

Time

  • Played on: Dec. 10, 2021, 7:15 a.m.
  • Length: 21:12

All games in this series

Show
View Real Time Build Order
Export as new Build Order

Trap Protoss 

Build Orders: 1 Gate Expand, Oracle Opening, Carriers 

Get SALT Encoding   

  12  0:00  Probe  
  13  0:14  Pylon  
  13  0:17  Probe (Chrono Boost)  
  14  0:27  Probe (Chrono Boost)  
  15  0:32  Probe (Chrono Boost)  
  16  0:41  Gateway  
  16  0:44  Probe  
  17  0:50  Assimilator  
  17  0:56  Probe  
  18  1:08  Probe  
  19  1:20  Probe  
  20  1:28  Nexus  
  20  1:35  Cybernetics Core  
  20  1:39  Probe  
  21  1:45  Assimilator  
  21  1:51  Probe  
  22  1:54  Pylon  
  22  2:03  Probe (Chrono Boost)  
  23  2:12  Adept  
  26  2:15  Probe (Chrono Boost)  
  26  2:19  Stargate  
  26  2:23  Probe (Chrono Boost)  
  26  2:27  Warp Gate  
  27  2:31  Probe (Chrono Boost)  
  28  2:40  Probe (Chrono Boost)  
  28  2:42  Adept  
  32  2:48  Probe (Chrono Boost)  
  32  2:49  Probe (Chrono Boost)  
  33  2:54  Void Ray (Chrono Boost), Probe x2  
  39  3:06  Probe x2  
  39  3:10  Pylon  
  41  3:18  Probe x2  
  43  3:24  Gateway  
  43  3:28  Oracle (Chrono Boost)  
  43  3:31  Probe  
  43  3:32  Probe  
  48  3:43  Probe  
  48  3:44  Probe  
  50  3:50  Nexus  
  50  3:54  Pylon  
  50  3:56  Probe  
  50  3:57  Probe  
  52  4:04  Assimilator  
  52  4:05  Assimilator  
  52  4:08  Probe  
  54  4:10  Probe  
  54  4:15  Adept, Shield Battery  
  56  4:20  Void Ray  
  56  4:23  Probe x2  
  62  4:35  Forge  
  62  4:36  Twilight Council  
  62  4:38  Pylon  
  62  4:53  Pylon  
  62  4:56  Probe (Chrono Boost)  
  62  4:57  Void Ray  
  62  4:58  Probe (Chrono Boost)  
  64  5:02  Probe (Chrono Boost)  
  70  5:08  Probe (Chrono Boost)  
  70  5:12  Robotics Facility, Probe (Chrono Boost)  
  70  5:13  Probe (Chrono Boost)  
  72  5:14  Probe (Chrono Boost)  
  72  5:16  Stargate  
  72  5:17  Probe  
  72  5:20  Probe  
  75  5:22  Probe, Pylon  
  75  5:26  Zealot  
  78  5:29  Protoss Air Weapons Level 1, Probe  
  78  5:32  Probe  
  78  5:34  Void Ray, Probe  
  81  5:41  Probe  
  81  5:42  Assimilator  
  86  5:43  Assimilator  
  86  5:44  Probe  
  86  5:46  Probe, Pylon  
  88  5:54  Probe  
  88  5:56  Void Ray, Probe  
  90  5:58  Probe  
  90  6:00  Robotics Bay  
  90  6:01  Observer  
  96  6:06  Probe  
  97  6:11  Void Ray  
  97  6:12  Probe  
  97  6:13  Probe  
  97  6:18  Probe  
  104  6:29  Observer (Chrono Boost)  
  104  6:31  Photon Cannon  
  104  6:33  Pylon  
  101  6:40  Zealot x2  
  101  6:42  Nexus  
  101  6:44  Pylon  
  101  6:45  Stargate  
  101  6:46  Fleet Beacon  
  105  6:47  Disruptor (Chrono Boost)  
  108  6:55  Photon Cannon  
  108  7:02  Shield Battery  
  108  7:08  Photon Cannon  
  108  7:10  Photon Cannon, Pylon  
  108  7:11  Shield Battery  
  108  7:12  Pylon  
  108  7:13  Disruptor (Chrono Boost), Pylon  
  108  7:19  Zealot x2  
  115  7:39  Photon Cannon  
  115  7:40  Photon Cannon  
  115  7:41  Photon Cannon  
  115  7:46  Disruptor (Chrono Boost)  
  115  7:47  Photon Cannon  
  115  7:50  Shield Battery  
  113  7:57  Carrier x3 (Chrono Boost)  
  131  8:12  Protoss Ground Weapons Level 1  
  131  8:15  Nexus  
  131  8:18  Pylon  
  131  8:19  Zealot  
  133  8:28  Nexus  
  133  8:30  Gateway  
  133  8:31  Pylon  
  133  8:32  Disruptor  
  133  8:33  Gateway  
  133  8:36  Probe x3  
  133  8:39  Flux Vanes  
  136  8:42  Pylon  
  136  8:43  Nexus  
  136  8:46  Photon Cannon  
  136  9:00  Photon Cannon  
  136  9:01  Pylon  
  136  9:04  Pylon  
  136  9:09  Photon Cannon  
  136  9:17  Carrier x2 (Chrono Boost)  
  136  9:19  Carrier (Chrono Boost)  
  153  9:32  Nexus  
  149  9:39  Charge  
  149  9:42  Templar Archives  
  149  9:51  Disruptor (Chrono Boost)  
  144  10:07  Zealot x2  
  144  10:14  Carrier (Chrono Boost)  
  147  10:16  Carrier (Chrono Boost)  
  147  10:19  Carrier (Chrono Boost)  
  151  10:25  Pylon  
  151  10:28  Protoss Ground Weapons Level 2  
  157  10:29  Gateway  
  157  10:30  Gateway  
  157  10:38  Warp Prism (Chrono Boost)  
  155  10:51  Gateway  
  155  10:52  Gateway  
  155  10:56  Gateway  
  155  10:58  Pylon  
  155  11:02  Zealot  
  155  11:03  Cybernetics Core  
  157  11:07  Observer  
  157  11:08  Void Ray x2 (Chrono Boost)  
  155  11:12  Probe x3  
  155  11:13  Void Ray (Chrono Boost), Assimilator x2, Probe  
  167  11:24  High Templar x2  
  175  11:37  Archon  
  175  11:38  Zealot, High Templar x2  
  175  11:39  Zealot  
  181  11:45  Archon  
  181  11:59  Void Ray  
  181  12:00  Pylon x2  
  181  12:06  Void Ray  
  185  12:08  Void Ray  
  186  12:19  Zealot x5  
  186  12:20  Zealot x4  
  186  12:31  Probe  
  186  12:32  Probe x3  
  170  12:58  High Templar  
  170  12:59  Zealot x2, High Templar x3  
  170  13:00  Zealot  
  170  13:03  Archon  
  170  13:04  Archon  
  112  13:27  High Templar x3  
  112  13:28  High Templar  
  112  13:29  Nexus  
  112  13:32  Archon x2  
  121  13:34  Observer (Chrono Boost)  
  121  13:35  Zealot x4  
  129  13:45  Probe x4  
  129  13:47  Observer (Chrono Boost)  
  129  14:08  Zealot x6  
  141  14:12  Zealot  
  137  14:30  Zealot x5  
  131  14:45  Probe x4  
  127  14:46  Void Ray x2 (Chrono Boost)  
  127  14:49  Void Ray (Chrono Boost)  
  127  15:09  High Templar x3  
  127  15:11  High Templar  
  131  15:14  Archon  
  131  15:15  High Templar x5  
  131  15:17  Archon  
  131  15:19  Archon x2  
  141  15:37  High Templar  
  141  15:39  High Templar x2  
  141  15:40  High Templar x2  
  141  15:41  Zealot x4  
  159  15:46  Archon x2  
  159  15:47  Photon Cannon, Archon  
  159  15:48  Observer (Chrono Boost)  
  160  15:52  Nexus  
  154  16:17  Zealot x9  
  136  16:30  Tempest x2 (Chrono Boost)  
  120  16:36  Tempest (Chrono Boost)  
  119  16:41  Psionic Storm  
  119  16:42  Observer (Chrono Boost)  
  119  16:43  High Templar  
  119  16:44  High Templar  
  119  16:46  High Templar  
  120  16:55  Pylon  
  120  16:59  High Templar  
  122  17:02  Zealot  
  122  17:16  Tempest (Chrono Boost)  
  122  17:21  Tempest (Chrono Boost)  
  127  17:29  Void Ray (Chrono Boost)  
  136  17:37  Pylon  
  136  17:42  Nexus  
  136  17:50  Void Ray (Chrono Boost)  
  136  17:52  Oracle (Chrono Boost)  
  136  17:55  Assimilator  
  136  17:56  Zealot, Void Ray (Chrono Boost)  
  141  17:58  Assimilator  
  149  18:17  Void Ray (Chrono Boost)  
  150  18:34  Photon Cannon x2, Mothership (Chrono Boost)  
  158  18:44  Void Ray  
  162  18:55  Void Ray  
  162  18:56  Void Ray  
  161  19:16  Photon Cannon, Void Ray  
  169  19:18  Shield Battery  
  169  19:26  Zealot x6  
  166  19:46  Void Ray  
  166  19:47  Void Ray  
  156  19:53  Void Ray  
  158  20:05  Zealot x4  
  158  20:06  Zealot x4  
  140  20:27  Zealot x6  
Show
View Real Time Build Order
Export as new Build Order

Serral Zerg - Winner!

Build Orders: Hatch First, Brood Lord Corruptor 

Get SALT Encoding   

  12  0:00  Drone  
  13  0:12  Overlord  
  13  0:16  Drone  
  14  0:30  Drone x2  
  16  0:46  Drone  
  17  0:50  Hatchery  
  17  0:54  Drone  
  17  0:58  Drone  
  18  1:08  Extractor  
  17  1:14  Spawning Pool  
  17  1:16  Drone  
  17  1:21  Drone  
  18  1:28  Drone  
  19  1:39  Drone  
  20  1:49  Overlord  
  20  2:01  Queen  
  20  2:04  Zergling x4, Queen  
  26  2:11  Drone, Metabolic Boost  
  26  2:14  Drone  
  28  2:21  Drone  
  29  2:25  Drone  
  30  2:39  Queen  
  32  2:44  Hatchery  
  32  2:47  Drone  
  32  2:48  Drone  
  33  2:53  Overlord  
  33  2:55  Drone  
  33  2:57  Drone  
  35  3:00  Drone  
  35  3:04  Overlord  
  36  3:12  Drone x2  
  38  3:13  Drone x2  
  38  3:18  Queen  
  42  3:21  Drone  
  42  3:23  Drone  
  42  3:25  Drone  
  45  3:29  Overlord  
  45  3:33  Queen  
  47  3:35  Drone  
  47  3:37  Drone  
  49  3:43  Overlord  
  49  3:48  Zergling x6  
  51  3:54  Spore Crawler  
  51  3:55  Spore Crawler  
  51  3:57  Drone x4  
  51  4:02  Drone x3  
  56  4:05  Zergling x2  
  56  4:06  Drone  
  56  4:08  Drone  
  59  4:17  Overlord  
  59  4:18  Drone, Zergling x2  
  59  4:19  Drone x2  
  59  4:22  Queen  
  65  4:26  Overlord  
  65  4:28  Drone  
  65  4:31  Spore Crawler  
  64  4:32  Drone  
  64  4:36  Drone, Roach Warren  
  64  4:38  Overlord  
  65  4:41  Drone x2  
  66  4:47  Drone  
  66  4:51  Lair  
  67  4:54  Extractor x2  
  67  4:55  Drone x5  
  67  4:58  Zergling x2  
  67  4:59  Drone x2  
  73  5:01  Drone  
  73  5:02  Drone  
  73  5:05  Overlord  
  75  5:13  Evolution Chamber  
  74  5:15  Drone  
  74  5:17  Drone x2  
  74  5:20  Drone x3  
  80  5:22  Drone x2, Hatchery  
  80  5:24  Drone  
  81  5:28  Extractor  
  81  5:29  Drone, Extractor  
  81  5:30  Drone x3, Extractor  
  81  5:34  Overlord  
  81  5:35  Drone x3  
  85  5:40  Drone x2  
  86  5:44  Overlord  
  86  5:46  Queen  
  86  5:49  Queen  
  88  5:52  Overlord  
  88  5:54  Infestation Pit  
  88  5:57  Zerg Missile Weapons Level 1, Glial Reconstitution  
  88  6:02  Overlord x2  
  88  6:07  Drone x2  
  88  6:09  Overlord  
  85  6:19  Drone x4  
  88  6:25  Queen  
  88  6:26  Queen  
  88  6:32  Roach x6  
  103  6:38  Hive  
  103  6:41  Queen  
  103  6:45  Roach x2  
  109  6:51  Drone  
  109  6:53  Overlord x3  
  110  6:54  Overseer  
  110  6:58  Roach x3  
  116  7:04  Roach x4  
  124  7:10  Roach x4  
  132  7:18  Roach x5  
  142  7:24  Ravager x2  
  142  7:25  Ravager x7  
  142  7:29  Roach x5  
  161  7:40  Queen x2, Extractor  
  161  7:41  Spire, Extractor  
  156  7:48  Zergling x20  
  163  7:53  Overlord x2  
  163  7:56  Overlord  
  159  8:11  Zerg Ground Armor Level 1, Baneling Nest  
  159  8:12  Viper x2  
  161  8:13  Drone  
  161  8:14  Drone  
  161  8:16  Queen x2  
  170  8:20  Queen  
  171  8:28  Viper  
  171  8:30  Drone  
  171  8:31  Drone x5  
  171  8:33  Zergling x2  
  171  8:34  Zergling x6  
  181  8:46  Roach  
  183  8:49  Overlord x2  
  183  8:54  Overlord x2  
  180  8:58  Overlord x2  
  180  9:01  Centrifugal Hooks  
  180  9:02  Adrenal Glands  
  177  9:04  Evolution Chamber  
  177  9:08  Ravager x3  
  179  9:10  Roach x6  
  179  9:14  Roach  
  179  9:15  Roach x2  
  186  9:33  Greater Spire  
  186  9:39  Hatchery  
  186  9:41  Zerg Missile Weapons Level 2  
  186  9:43  Queen x3  
  190  9:54  Corruptor x2  
  189  10:07  Corruptor x4  
  182  10:24  Infestor x3  
  188  10:31  Drone x2  
  190  10:35  Zerg Melee Weapons Level 1  
  190  10:36  Hatchery  
  189  10:46  Zerg Flyer Armor Level 1, Corruptor x2  
  187  11:01  Brood Lord  
  187  11:02  Brood Lord x2, Spore Crawler  
  187  11:03  Spore Crawler  
  191  11:04  Spore Crawler  
  191  11:08  Drone x9  
  199  11:16  Drone  
  200  11:22  Overlord  
  200  11:24  Spore Crawler x2  
  200  11:25  Spore Crawler  
  197  11:38  Spore Crawler  
  196  11:40  Spore Crawler x2  
  196  11:42  Spore Crawler  
  193  11:47  Pneumatized Carapace  
  193  11:50  Viper  
  193  11:51  Overseer, Spore Crawler x2  
  193  11:52  Overseer, Spore Crawler  
  193  11:53  Brood Lord x4, Spore Crawler x2  
  199  11:54  Spore Crawler  
  199  11:55  Spore Crawler  
  196  12:05  Corruptor  
  198  12:21  Corruptor x2  
  198  12:22  Corruptor x3  
  192  12:35  Corruptor x4  
  198  12:44  Infestor  
  198  12:47  Corruptor  
  198  12:48  Corruptor  
  177  13:06  Corruptor x3  
  171  13:19  Infestor  
  173  13:23  Extractor  
  173  13:26  Drone x3  
  175  13:33  Brood Lord  
  175  13:34  Brood Lord  
  179  13:37  Zergling x2  
  179  13:38  Zergling x14  
  179  13:39  Overseer  
  179  13:40  Zerg Melee Weapons Level 2  
  187  13:50  Drone x8  
  190  14:08  Spore Crawler  
  190  14:09  Spore Crawler x2  
  187  14:11  Spore Crawler x2  
  187  14:12  Spore Crawler  
  187  14:13  Zergling x26  
  192  14:21  Roach  
  192  14:22  Roach x6  
  178  14:33  Infestor x2  
  178  14:34  Spawning Pool  
  174  14:43  Viper x2  
  171  14:55  Infestor  
  171  14:57  Drone x5  
  177  15:19  Brood Lord x2  
  181  15:26  Zerg Flyer Weapons Level 1  
  181  15:30  Spire  
  181  15:32  Zergling x10  
  185  15:37  Burrow  
  184  15:45  Neural Parasite  
  184  15:48  Infestor x2  
  188  15:52  Baneling x7  
  188  15:53  Baneling  
  188  15:55  Baneling  
  188  16:01  Brood Lord  
  175  16:19  Corruptor  
  175  16:20  Corruptor x3  
  169  16:34  Viper  
  171  16:43  Hatchery  
  171  16:46  Extractor  
  169  16:47  Drone x3  
  172  16:55  Infestor  
  172  17:01  Infestor  
  176  17:10  Corruptor  
  176  17:11  Corruptor  
  180  17:26  Viper  
  183  17:34  Brood Lord  
  185  17:40  Zerg Flyer Weapons Level 2  
  185  17:44  Zerg Flyer Armor Level 2  
  184  17:52  Corruptor  
  184  17:57  Baneling x9  
  186  17:59  Corruptor  
  188  18:09  Zerg Ground Armor Level 2  
  183  18:22  Brood Lord  
  183  18:27  Drone x3  
  186  18:40  Corruptor x2  
  190  18:48  Overseer  
  190  18:49  Overseer  
  190  18:50  Baneling x6  
  190  18:59  Zergling x8  
  194  19:14  Corruptor, Viper  
  195  20:05  Corruptor x2  
  199  20:12  Zergling x14  
  199  20:13  Zergling x4  
  198  20:17  Zergling x12  
  194  20:29  Zergling x10  
Tags
 
Add a new tag
Caveats
  • Supply blocks, unpowered buildings, or Contaminate may cause inaccurate times.
  • Supply counts are checked every 10 seconds.